 Dungeon Crawl Stone Soup version 0.29-a0-371-g91724d5b39 (webtiles) character file.

Game seed: 2232447095826837463

34785 zishaf the Convoker (level 13, 65/65 HPs)
             Began as a Felid Summoner on Apr 28, 2022.
             Was a High Priest of Sif Muna.
             Quit the game on level 1 of the Snake Pit on May 2, 2022.
             The game lasted 02:18:29 (47716 turns).

zishaf the Convoker (Felid Summoner)               Turns: 47716, Time: 02:18:30

Health: 65/65      AC:  3    Str:  4    XL:     13   Next: 44%
Magic:  22/22      EV: 27    Int: 31    God:    Sif Muna [*****.]
Gold:   2348       SH:  5    Dex: 18    Spells: 0/18 levels left
                                        Lives:  0   Deaths: 4

rFire   + + .      SeeInvis +   (weapon unavailable)
rCold   + + .      Faith    .   (shield unavailable)
rNeg    . . .      Spirit   .   (body armour unavailable)
rPois   .          Reflect  +   (helmet unavailable)
rElec   +          Harm     .   (cloak unavailable)
rCorr   .          Rampage  .   (gloves unavailable)
Will    +....                   (boots unavailable)
Stlth   +++++.....              J - amulet "Rulaqek" {Reflect rElec rF+ SH+5}
HPRegen 0.20/turn               R - ring of Darkness {rC+ Int+6 SInv}
MPRegen 0.18/turn               Q - ring "Ilyqel" {rF+ Int+2 Slay+4 Stlth+}

@: quick
A: very small, claws 1, fangs 3, see invisible, speed 1, shaggy fur 3, stealthy
paws, no weapons or thrown items, no armour, multi-lived
a: Renounce Religion, Channel Magic, Forget Spell, Divine Exegesis


You were on level 1 of the Snake Pit.
You worshipped Sif Muna.
Sif Muna was extremely pleased with you.
You visited 5 branches of the dungeon, and saw 25 of its levels.

You collected 2777 gold pieces.
You spent 429 gold pieces at shops.

Inventory:

Jewellery
 d - a ring of resist corrosion
 l - the ring "Juops" {rF+ rN+ SInv}
   (You found it on level 2 of the Dungeon)

   [ring of protection from fire]

   rF:        It protects you from fire.
   rN:        It protects you from negative energy.
   SInv:      It lets you see invisible.
 p - a ring of positive energy
 w - a ring of magical power
 C - a +4 ring of evasion
 D - an amulet of the acrobat
 J - the amulet "Rulaqek" (around neck) {Reflect rElec rF+ SH+5}
   (You found it on level 4 of the Lair of Beasts)

   [amulet of reflection]

   It reflects blocked missile attacks.
   rF:        It protects you from fire.
   rElec:     It insulates you from electricity.
   SH:        It affects your SH (+5).
 K - a ring of ice
 N - a ring of flight
 P - an amulet of faith
 Q - the ring "Ilyqel" (right paw) {rF+ Int+2 Slay+4 Stlth+}
   (You acquired it on level 15 of the Dungeon)

   [ring of slaying]

   Int:       It affects your intelligence (+2).
   Slay:      It affects your accuracy & damage with ranged weapons and melee
   (+4).
   rF:        It protects you from fire.
   Stlth:     It makes you more stealthy.
 R - the ring of Darkness (left paw) {rC+ Int+6 SInv}
   (You acquired it on level 15 of the Dungeon)

   [ring of intelligence]

   Int:       It affects your intelligence (+6).
   rC:        It protects you from cold.
   SInv:      It lets you see invisible.
Wands
 g - a wand of digging (6)
 i - a wand of paralysis (5)
 n - a wand of charming (10)
 u - a wand of flame (36)
 v - a wand of iceblast (15)
 x - a wand of polymorph (9)
 I - a wand of mindburst (2)
Scrolls
 b - 2 scrolls of magic mapping
 j - 4 scrolls of teleportation
 y - 3 scrolls of fog
 z - a scroll of amnesia
 A - 2 scrolls of holy word
 F - 2 scrolls of silence
 H - 8 scrolls of identify
 L - 2 scrolls of fear
 M - a scroll of blinking
Potions
 a - 3 potions of magic
 c - 3 potions of lignification
 e - 3 potions of might
 f - 10 potions of flight
 h - 2 potions of brilliance
 k - 5 potions of heal wounds
 m - 12 potions of curing
 o - 4 potions of mutation
 q - 2 potions of resistance
 r - 4 potions of attraction
 s - 3 potions of invisibility
 t - 3 potions of cancellation
 B - 3 potions of haste
 E - 4 potions of berserk rage
 G - 5 potions of ambrosia
Miscellaneous
 O - a lightning rod (4/4)


   Skills:
 + Level 12.7 Fighting
 + Level 13.8 Dodging
 - Level 7.0 Stealth
 + Level 3.1 Spellcasting
 + Level 16.5 Summonings
 + Level 5.3 Translocations
 * Level 12.5 Air Magic
 + Level 11.8 Invocations
 - Level 6.0 Evocations


You couldn't memorise any spells.
You knew the following spells:

 Your Spells              Type           Power      Damage    Failure   Level
A - Summon Forest         Summ/Tloc      32%        N/A       1%          5
B - Call Canine Familiar  Summ           82%        N/A       1%          3
C - Summon Lightning Spi  Summ/Air       76%        N/A       1%          4
D - Summon Cactus Giant   Summ           41%        N/A       1%          6

Your spell library contained the following spells:

 Spells                   Type           Power      Damage    Failure   Level
 Summon Small Mammal      Summ           100%       N/A       0%          1
 Call Imp                 Summ           82%        N/A       0%          2
 Shock                    Conj/Air       100%       1d9       1%          1
 Corpse Rot               Necr/Air       86%        N/A       1%          2
 Static Discharge         Conj/Air       43%        N/A       1%          2
 Summon Guardian Golem    Hex/Summ       54%        N/A       1%          3
 Swiftness                Air            70%        N/A       1%          3
 Mephitic Cloud           Conj/Pois/Air  30%        N/A       3%          3
 Summon Mana Viper        Hex/Summ       54%        N/A       6%          5
 Sandblast                Erth           8%         2d5       7%          1
 Slow                     Hex            16%        N/A       7%          1
 Passwall                 Tmut/Erth      3%         N/A       10%         2
 Lightning Bolt           Conj/Air       21%        1d36      14%         5
 Silence                  Hex/Air        21%        N/A       14%         5
 Confusing Touch          Hex            4%         N/A       21%         3
 Conjure Flame            Conj/Fire      4%         6-21      21%         3
 Dazzling Flash           Conj/Hex       8%         N/A       21%         3
 Ignite Poison            Fire/Tmut/Pois 4%         N/A       21%         3
 Ozocubu's Armour         Ice            4%         N/A       21%         3
 Stone Arrow              Conj/Erth      8%         3d7       21%         3
 Iskenderun's Mystic Bla  Conj/Tloc      21%        2d6       22%         4
 Freezing Cloud           Conj/Ice/Air   15%        6-21      32%         5
 Dispel Undead            Necr           4%         3d7       54%         4
 Olgreb's Toxic Radiance  Pois           4%         N/A       54%         4
 Sticky Flame             Conj/Fire      4%         2d3       54%         4
 Malign Gateway           Summ/Tloc      32%        N/A       54%         7
 Conjure Ball Lightning   Conj/Air       21%        3x3d6     61%         6
 Agony                    Necr           4%         N/A       88%         5
 Blade Hands              Tmut           2%         N/A       88%         5
 Lee's Rapid Deconstruct  Erth           2%         3d5*      88%         5
 Metabolic Englaciation   Hex/Ice        2%         N/A       88%         5
 Yara's Violent Unravell  Hex/Tmut       2%         3d3       88%         5
 Maxwell's Capacitive Co  Air            35%        ∞         94%         8
 Death Channel            Necr           2%         N/A       100%        6
 Simulacrum               Ice/Necr       2%         N/A       100%        6
 Starburst                Conj/Fire      2%         6d3       100%        6
 Ozocubu's Refrigeration  Ice            2%         4d5       100%        7
 Discord                  Hex            2%         N/A       100%        8
 Disjunction              Tloc           19%        N/A       100%        8
 Ignition                 Fire           2%         3d3       100%        8
 Portal Projectile        Hex/Tloc       Unusable   N/A       N/A         3
 Excruciating Wounds      Necr           Unusable   N/A       N/A         5

Dungeon Overview and Level Annotations

Branches:
Dungeon (15/15)            Temple (1/1) D:5            Lair (6/6) D:8
 Shoals (0/4) Lair:2        Snake (1/4) Lair:2        Slime (0/5) Lair:5
    Orc (2/2) D:10            Elf (0/3) Orc:2        Vaults (0/5) D:13
 Depths (0/4) D:15

Altars:
Ashenzari
Cheibriados
Dithmenos
Elyvilon
Gozag
Hepliaklqana
Kikubaaqudgha
Makhleb
Nemelex Xobeh
Okawaru
Qazlal
Ru
Sif Muna
Trog
Uskayaw
Vehumet
Wu Jian
Xom
Yredelemnul
Zin
The Shining One
Beogh

Shops:
D:3 (   D:11 [   Orc:2 (=!?

Portals:
Trove: D:12 (give 6 scrolls of fog)

Annotations:
D:4 1 runed translucent door, Antichthon's ghost, novice OpBr
D:7 2 transporters, Antichthon's ghost, novice OpBr
Snake:1 Aizul


Innate Abilities, Weirdness & Mutations

You have sharp claws.
You have razor-sharp teeth.
You have supernaturally acute eyesight. (SInv)
You cover ground quickly. (Speed+)
Your thick and shaggy fur keeps you warm. (AC +3, rC+)
Your paws help you pounce on unaware monsters.
You are incapable of wielding weapons or throwing items.
You cannot wear armour.
You gain extra lives every three experience levels.


Message History

Confirm with . or Enter, or press ? or * to list all spells.
A forested plane collides here with a resounding crunch!
Your dryad calls out to the forest.
The forest starts to sway and rumble!
You feel very sick.
The naga mage spits poison at your cactus giant.
The splash of poison hits your cactus giant.
Aizul hits you!
* * * LOW HITPOINT WARNING * * *
Your warg completely misses Aizul.
Your lightning spire shoots out a bolt of lightning at Aizul!
The bolt of electricity hits Aizul!!
The bolt of electricity misses Aizul.
The bolt of electricity hits your lightning spire.
Your lightning spire completely resists.
The mana viper is struck by your cactus giant's spines.
The mana viper bites your cactus giant! Aizul attacks as you move away!
Aizul completely misses you.
* * * LOW HITPOINT WARNING * * *
You feel very sick.
A root lunges up near Aizul.
The naga mage is hit by a branch!
A tree reaches out and hits the mana viper!
Aizul casts a spell at you. The bolt of poison hits you!!
You are more poisoned.
You die...
Your warg bites Aizul!!
The naga mage hits something with a +0 club!
The mana viper bites something!!
Aizul screams, "I'll haunt your nightmares!"
Aizul coils herself and waves her upper body at you.
You fall asleep.
You are now level 13!
You rejoin the land of the living...
Unknown command.
Sif Muna accepts your kill.
You feel a bit more experienced. Sif Muna accepts your kill.
You feel a bit more experienced.
Found a scroll of enchant weapon and a glaive.
Are you sure you want to abandon this character and quit the game? (Confirm with "yes".)

.. .# .# #.# ##.#
..### #...# ....#
#.... ######.
....#####.... .......
.........#
#.####.)...#
)#######.###....@..##
..######............#
..#.............#...#
....########...##...#
#..#.......?....#####
..>..########....#
#....#######.....#
.....##...##.....#
....###...##....##


There were no monsters in sight!

Vanquished Creatures
  A wizard (D:15)
  A kobold demonologist (D:5)
  A troll (D:14)
  3 blink frogs (Lair:6)
  A water moccasin (D:6)
  2 orc warriors
  3 wolves
  A bullfrog (D:9)
  A wight (D:7)
  A killer bee (D:9)
  2 howler monkeys
  A hound (D:4)
  2 orc priests (Orc:2)
  An orc wizard (D:9)
  2 gnolls (Orc:1)
  An adder (D:6)
  A shadow imp (D:5)
  A white imp (D:7)
  An ufetubus (D:6)
  2 dart slugs
  13 orcs
  6 ball pythons
  4 bats
  2 endoplasms (D:2)
  A giant cockroach (D:1)
  2 goblins
  3 hobgoblins
  A jackal (D:1)
  A quokka (D:1)
  2 frilled lizards
  4 kobolds
  10 rats
78 creatures vanquished.

Vanquished Creatures (collateral kills)
  A tentacled monstrosity (D:14)
  An orc warlord (Orc:1)
  A very ugly thing (D:14)
  A dire elephant (Lair:6)
  The ghost of sirboomalot the Cleaver, a journeyman DsMo of Jiyva (Lair:3)
  A rakshasa (D:14)
  3 ogre magi
  A catoblepas (Lair:6)
  4 vault guards
  6 boulder beetles
  6 centaur warriors
  9 hydras
  A naga warrior (Snake:1)
  An orc high priest (Orc:1)
  9 two-headed ogres
  30 death yaks
  A deep troll shaman (Lair:6)
  A shock serpent (Snake:1)
  2 tengu warriors
  Sonja (Lair:6)
  Lodul (D:10)
  3 orc knights (Orc:2)
  A naga ritualist (Snake:1)
  A lindwurm (Lair:6)
  A deep elf zephyrmancer (D:15)
  5 mana vipers (Snake:1)
  A necromancer (D:15)
  2 oklob plants (Lair:5)
  11 orc sorcerers
  A faun (Lair:1)
  11 ugly things
  6 manticores
  7 cyclopes
  A salamander (Snake:1)
  7 naga magi
  5 elephants (Lair:6)
  Maurice (D:12)
  A black mamba (shapeshifter) (D:13)
  A centaur skeleton (D:15)
  13 black mambas
  A torpor snail (Lair:5)
  A gargoyle (D:12)
  A demonic crawler (D:14)
  3 kobold demonologists
  7 rime drakes
  7 cane toads
  9 komodo dragons
  An efreet (D:14)
  7 trolls
  A tengu conjurer (D:12)
  4 polar bears
  3 hornets
  Prince Ribbit (D:7)
  Grinder (D:3)
  A large abomination (D:14)
  10 blink frogs
  A dream sheep (shapeshifter) (D:13)
  A wolf spider simulacrum (D:15)
  4 dream sheep (Lair:6)
  Sigmund (D:3)
  2 spriggans
  A centaur simulacrum (D:15)
  54 yaks
  A wraith (D:11)
  5 wyverns
  A neqoxec (D:14)
  6 basilisks
  A golden eye (shapeshifter) (D:10)
  12 vampire mosquitoes
  2 steam dragons
  A chaos spawn (D:14)
  3 wargs
  5 small abominations (D:14)
  2 nagas (Snake:1)
  20 water moccasins
  2 acid dragons (D:12)
  A floating eye (shapeshifter) (D:14)
  25 orc warriors
  6 black bears
  A hornet zombie (D:15)
  16 ogres
  39 wolves
  6 centaurs
  5 kobold brigands
  A phantom (D:5)
  13 bullfrogs
  15 wights
  6 killer bees (D:9)
  2 howler monkeys
  A jelly (D:7)
  19 orc priests
  3 gnoll shamans
  2 hounds (D:4)
  Jessica (D:3)
  30 orc wizards
  An iguana (D:5)
  Robin (D:3)
  9 gnolls
  8 adders
  2 nameless horrors
  A white imp (D:7)
  An ufetubus (D:6)
  4 worms
  A dart slug (D:3)
  60 orcs
  3 ball pythons
  3 endoplasms (D:4)
  A giant cockroach (D:4)
  14 goblins
  11 hobgoblins
  5 jackals
  22 kobolds
  A quokka (D:4)
  4 rats
  3 butterflies (Lair:3)
691 creatures vanquished.

Vanquished Creatures (others)
  A two-headed ogre (D:13)
  A centaur (Lair:2)
  An orc wizard (Orc:1)
  2 bushes (Lair:5)
  67 fungi
  110 plants
  2 snaplasher vines (Snake:1)
  5 toadstools (D:15)
189 creatures vanquished.

Grand Total: 958 creatures vanquished

Notes
Turn   | Place    | Note
-------+----------+-------------------------------------------
     0 | D:1      | zishaf the Felid Summoner began the quest for the Orb.
     0 | D:1      | Reached XP level 1. HP: 7/7 MP: 4/4
   554 | D:1      | Reached XP level 2. HP: 12/12 MP: 1/6
   806 | D:1      | Learned a level 2 spell: Call Imp
  1016 | D:1      | Reached skill level 1 in Fighting
  1552 | D:1      | Reached XP level 3. HP: 13/15 MP: 4/7
  1634 | D:1      | Learned a level 3 spell: Call Canine Familiar
  2485 | D:2      | Identified the ring "Juops" {rF+ rN+ SInv}
  2647 | D:2      | Reached XP level 4. HP: 19/19 MP: 5/8
  3311 | D:3      | Reached skill level 5 in Summonings
  3490 | D:3      | Noticed Jessica
  3494 | D:3      | Noticed Sigmund
  3494 | D:3      | Killed Jessica
  3996 | D:3      | Found a faded altar of an unknown god.
  4348 | D:3      | Noticed Robin
  4362 | D:3      | Killed Robin
  4363 | D:3      | Reached XP level 5. HP: 22/22 MP: 5/9
  4591 | D:3      | Noticed Grinder
  4702 | D:3      | Paralysed by Grinder for 5 turns
  4898 | D:3      | Killed Grinder
  4899 | D:3      | Reached skill level 5 in Stealth
  4899 | D:3      | Reached skill level 6 in Summonings
  4899 | D:3      | Gained mutation: You are covered in thick fur. (AC +2)
                  | [Felid growth]
  4899 | D:3      | Reached XP level 6. HP: 19/28 MP: 3/10
  5729 | D:3      | Found a stormy altar of Qazlal.
  5771 | D:3      | Found Daachi's Weapon Shop.
  5984 | D:3      | Killed Sigmund
  5985 | D:3      | Reached XP level 7. HP: 20/31 MP: 0/11
  6193 | D:4      | Reached skill level 7 in Summonings
  6623 | D:4      | Found a runed translucent door.
  6626 | D:4      | Noticed Antichthon's ghost (novice OpBr)
  7096 | D:5      | Entered Level 5 of the Dungeon
  7316 | D:5      | Reached XP level 8. HP: 36/36 MP: 5/12
  7343 | D:5      | Reached skill level 8 in Summonings
  7510 | D:5      | Found a staircase to the Ecumenical Temple.
  7518 | Temple   | Entered the Ecumenical Temple
  7732 | Temple   | Became a worshipper of Sif Muna the Loreminder
  8039 | D:5      | Reached skill level 5 in Fighting
  8183 | D:5      | Noticed a kobold demonologist
  8225 | D:5      | Noticed a red devil
  8225 | D:5      | Noticed a sun demon
  8339 | D:5      | Noticed a soul eater
  8343 | D:5      | Killed a kobold demonologist
  8344 | D:5      | Reached skill level 1 in Invocations
  8344 | D:5      | Reached skill level 1 in Evocations
  8576 | D:5      | Got the Papyrus of the Glacial Rocks
  8646 | D:5      | Reached skill level 5 in Dodging
  9162 | D:6      | Learned a level 4 spell: Summon Lightning Spire
  9281 | D:6      | Reached XP level 9. HP: 40/40 MP: 8/13
  9530 | D:6      | Reached skill level 9 in Summonings
  9877 | D:7      | Reached skill level 1 in Air Magic
  9944 | D:7      | Found a transporter.
  9950 | D:7      | Found a transporter.
 10133 | D:7      | Identified the +8 trident "Lioh" {vamp, rPois rC+++ Will-
                  | Dex-5}
 10142 | D:7      | Noticed Antichthon's ghost (novice OpBr)
 10142 | D:7      | Identified the ring "Curur" {MP+9 Int+3}
 10464 | D:7      | Noticed Prince Ribbit
 10478 | D:7      | Killed Prince Ribbit
 10570 | D:7      | Reached * piety under Sif Muna
 10697 | D:7      | Identified the +3 long sword "Raxkaph" {spect, rC+ Int-2
                  | Dex+6 SInv}
 11828 | D:8      | Reached skill level 10 in Summonings
 11963 | D:8      | Noticed a komodo dragon
 11984 | D:8      | Found a staircase to the Lair.
 12099 | D:8      | Killed a komodo dragon
 12100 | D:8      | Reached XP level 10. HP: 46/46 MP: 0/14
 12301 | D:8      | Reached ** piety under Sif Muna
 13546 | D:9      | Noticed a smoke demon
 13548 | D:9      | Reached skill level 5 in Evocations
 13601 | D:9      | Noticed a two-headed ogre
 13664 | D:9      | Killed a two-headed ogre
 13665 | D:9      | Reached skill level 11 in Summonings
 13689 | D:9      | Reached skill level 5 in Invocations
 14236 | D:10     | Entered Level 10 of the Dungeon
 14422 | D:10     | Found a staircase to the Orcish Mines.
 14527 | D:10     | Reached XP level 11. HP: 50/50 MP: 3/15
 14626 | D:10     | Reached *** piety under Sif Muna
 14848 | D:10     | Noticed a two-headed ogre
 14848 | D:10     | Noticed Lodul
 15027 | D:10     | Noticed a two-headed ogre
 15273 | D:10     | Noticed a two-headed ogre
 15292 | D:10     | Killed a two-headed ogre
 15294 | D:10     | Killed a two-headed ogre
 15394 | D:10     | Killed a two-headed ogre
 15395 | D:10     | Reached skill level 12 in Summonings
 15395 | D:10     | Reached skill level 5 in Air Magic
 15453 | D:10     | Killed Lodul
 15945 | D:10     | Upgraded the game from 0.29-a0-360-g8ed1089bbe to
                  | 0.29-a0-371-g91724d5b39
 16175 | D:11     | Noticed a five-headed hydra
 16210 | D:11     | Killed a five-headed hydra
 16743 | D:11     | Noticed a two-headed ogre
 16771 | D:11     | Killed a two-headed ogre
 16891 | D:11     | Found Paning's Armour Shop.
 17182 | D:11     | Found a sacrificial altar of Ru.
 17340 | D:12     | Noticed a tengu warrior
 17372 | D:12     | Killed a tengu warrior
 17373 | D:12     | Gained mutation: Your thick and shaggy fur keeps you warm.
                  | (AC +3, rC+) [Felid growth]
 17373 | D:12     | Reached XP level 12. HP: 56/56 MP: 8/18
 17433 | D:12     | Noticed a seven-headed hydra
 17679 | D:12     | Reached skill level 13 in Summonings
 17788 | D:12     | Found a portal to a secret trove of treasure.
 18182 | D:12     | Noticed a boulder beetle
 18215 | D:12     | Killed a boulder beetle
 18343 | D:12     | Killed a seven-headed hydra
 18479 | D:12     | Noticed a five-headed hydra
 18497 | D:12     | Killed a five-headed hydra
 18531 | D:12     | Noticed a boulder beetle
 18555 | D:12     | Killed a boulder beetle
 18810 | D:12     | Noticed Maurice
 18821 | D:12     | Killed Maurice
 18950 | D:13     | Found a hide-covered altar of Uskayaw.
 19020 | D:13     | Identified the +4 chain mail of the Festooned God {rCorr
                  | Str+2 Int+4}
 19277 | D:13     | Found a gate to the Vaults.
 19277 | D:13     | Noticed a centaur warrior
 19277 | D:13     | Noticed a vault guard
 19277 | D:13     | Noticed a boulder beetle
 19277 | D:13     | Noticed a vault guard
 19277 | D:13     | Noticed a vault guard
 19277 | D:13     | Noticed a boulder beetle
 19277 | D:13     | Noticed a vault guard
 19277 | D:13     | Noticed a two-headed ogre
 19487 | D:12     | Killed a vault guard
 19487 | D:12     | Reached **** piety under Sif Muna
 19639 | D:12     | Killed a vault guard
 19903 | D:13     | Killed a boulder beetle
 20044 | D:13     | Noticed a centaur warrior
 20063 | D:13     | Killed a centaur warrior
 20160 | D:13     | Noticed an eight-headed hydra
 20221 | D:13     | Slain by a boulder beetle
 20222 | D:13     | Reached XP level 11. HP: -5/53 MP: 10/17
 20249 | D:13     | Killed an eight-headed hydra
 20287 | D:13     | Identified the +0 robe of Piozamuk {Harm +Blink Will+
                  | Str+3}
 20469 | D:12     | Killed a boulder beetle
 20470 | D:12     | Reached skill level 14 in Summonings
 20623 | D:12     | Killed a vault guard
 20826 | Lair:1   | Entered Level 1 of the Lair of Beasts
 21012 | Lair:1   | Reached XP level 12. HP: 57/57 MP: 19/19
 22763 | Lair:2   | Found a staircase to the Snake Pit.
 22997 | Lair:2   | Noticed an eight-headed hydra
 23011 | Lair:2   | Killed an eight-headed hydra
 23012 | Lair:2   | Reached skill level 10 in Fighting
 23136 | Lair:2   | Found a staircase to the Shoals.
 23728 | Lair:3   | Found a runed translucent door.
 23825 | Lair:3   | Identified the +4 trident of Burnt Integrity {freeze,
                  | *Noise rPois Will+ Str+4}
 23825 | Lair:3   | Noticed sirboomalot's ghost (journeyman DsMo)
 23853 | Lair:3   | Noticed a death yak
 23856 | Lair:3   | Noticed a death yak
 23856 | Lair:3   | Noticed a death yak
 23856 | Lair:3   | Noticed a death yak
 23856 | Lair:3   | Noticed a death yak
 23858 | Lair:3   | Noticed a death yak
 23884 | Lair:3   | Killed a death yak
 23884 | Lair:3   | Reached ***** piety under Sif Muna
 23884 | Lair:3   | Received a gift from Sif Muna
 23887 | Lair:3   | Got Sif Muna's Collected Works on Flight {god gift}
 23950 | Lair:3   | Killed a death yak
 23986 | Lair:3   | Killed a death yak
 24634 | Lair:3   | Noticed a five-headed hydra
 24646 | Lair:3   | Killed a five-headed hydra
 24647 | Lair:3   | Reached XP level 13. HP: 61/61 MP: 9/20
 24922 | Lair:3   | Reached skill level 15 in Summonings
 25422 | Lair:3   | Reached skill level 10 in Dodging
 25895 | Lair:3   | Killed sirboomalot's ghost
 26107 | Lair:3   | Identified the +8 great mace of Urgency {speed, Str+3
                  | Int+2}
 27284 | Lair:4   | Identified the amulet "Rulaqek" {Reflect rElec rF+ SH+5}
 29831 | Lair:5   | Found a staircase to the Slime Pits.
 30066 | Lair:6   | Entered Level 6 of the Lair of Beasts
 30663 | Lair:6   | Reached XP level 14. HP: 67/67 MP: 16/22
 30835 | Lair:6   | Noticed Sonja
 30971 | Lair:6   | Killed Sonja
 31048 | Lair:6   | Reached skill level 10 in Invocations
 32116 | Lair:6   | Reached skill level 10 in Air Magic
 33437 | Lair:6   | Reached skill level 16 in Summonings
 36352 | Orc:1    | Entered Level 1 of the Orcish Mines
 36485 | Orc:2    | Entered Level 2 of the Orcish Mines
 36980 | Orc:2    | Mangled by an orc knight
 36981 | Orc:2    | Reached XP level 13. HP: -13/64 MP: 22/22
 37504 | Orc:2    | Received a gift from Sif Muna
 37518 | Orc:2    | Got Hiudopn's Disquisition on Malediction and Battle Magic
                  | {god gift}
 38805 | Orc:2    | Reached XP level 14. HP: 57/68 MP: 16/23
 39519 | Orc:1    | Noticed an orc warlord
 39597 | Orc:1    | Killed an orc warlord
 39619 | Orc:1    | Received a gift from Sif Muna
 39632 | Orc:1    | Learned a level 6 spell: Summon Cactus Giant
 40387 | Orc:2    | Found a staircase to the Elven Halls.
 40717 | Orc:2    | Found Furch's Distillery.
 40725 | Orc:2    | Bought a potion of heal wounds for 75 gold pieces
 40725 | Orc:2    | Bought 2 potions of mutation for 240 gold pieces
 40738 | Orc:2    | Found an ancient bone altar of Kikubaaqudgha.
 40930 | Orc:2    | Paralysed by an ogre mage for 4 turns
 41036 | Orc:2    | Found Cumonny's Magic Scroll Shop.
 41056 | Orc:2    | Found Vocefic's Jewellery Shop.
 41059 | Orc:2    | Bought a scroll of teleportation for 36 gold pieces
 41059 | Orc:2    | Bought a scroll of teleportation for 36 gold pieces
 41059 | Orc:2    | Bought a scroll of fear for 42 gold pieces
 41083 | Orc:2    | Found a radiant altar of Vehumet.
 41107 | Orc:2    | Found Kife's Antique Weapon Shop.
 41848 | D:13     | Learned a level 5 spell: Summon Forest
 42681 | D:14     | Found a runed translucent door.
 42745 | D:14     | Reached skill level 1 in Translocations
 42747 | D:14     | Received a gift from Sif Muna
 43665 | D:14     | Paralysed by a floating eye for 4 turns
 43817 | D:14     | Noticed a tentacled monstrosity
 44063 | D:14     | Killed a tentacled monstrosity
 44182 | D:14     | Noticed a brown very ugly thing
 44212 | D:14     | Killed a brown very ugly thing
 44915 | D:15     | Entered Level 15 of the Dungeon
 45513 | D:15     | Identified 2 scrolls of acquirement
 45514 | D:15     | Acquired the ring of Darkness {rC+ Int+6 SInv}
 45518 | D:15     | Acquired the ring "Ilyqel" {rF+ Int+2 Slay+4 Stlth+}
 45879 | D:15     | Reached XP level 15. HP: 33/73 MP: 15/24
 46159 | D:15     | Found a staircase to the Depths.
 46431 | D:15     | Received a gift from Sif Muna
 46441 | D:15     | Got Sif Muna's Catalogue of Dislocated Execration {god
                  | gift}
 46886 | Snake:1  | Entered Level 1 of the Snake Pit
 47152 | Snake:1  | Reached skill level 5 in Translocations
 47306 | Snake:1  | Noticed Aizul
 47330 | Snake:1  | Killed from afar by Aizul
 47331 | Snake:1  | Reached XP level 14. HP: -18/69 MP: 9/23
 47707 | Snake:1  | Killed from afar by Aizul
 47708 | Snake:1  | Reached XP level 13. HP: -8/65 MP: 6/22
 47716 | Snake:1  | Quit the game

Illustrated notes

Levels and vault maps discovered:
D:1:      dpeg_arrival_subterranean_lakeside_camping, layout_basic
D:2:      cheibrodos_helix_gallery, layout_loops_ring, dk_noncrumbling_3
D:3:      cheibrodos_greedy_goblins, layout_loops_corners,
          grunt_qazlal_sundering, shapermc_ecumenical_altar_starsandcircs,
          serial_shops, shop, hangedman_feature_mirror, uniq_sigmund,
          uniq_robin, uniq_grinder, uniq_jessica
D:4:      layout_basic, hellmonk_ghost_happy_afterlife
D:5:      layout_basic, minmay_temple_entry_arrows
D:6:      layout_basic, minmay_splitting_lines
D:7:      layout_loops_corners, gammafunk_ghost_gnarly_gnolls, grunt_decor_cap,
          uniq_prince_ribbit1
D:8:      layout_basic, david_lair_shrubbed, kennysheep_small_spiral,
          chequers_serial_rivers_marsh
D:9:      layout_irregular_city, minmay_joined_circles
D:10:     layout_loops_cross, orc_0_dummy, uniq_lodul
D:11:     layout_loops_cross, serial_shops, nicolae_lakefront_shop,
          nicolae_ru_the_path_less_chosen
D:12:     layout_roguey, enter_trove_3, uniq_maurice
D:13:     layout_long_grid, lightli_vaults_fourway_checkpoint,
          minmay_misc_feat_rugged, dancing_weapons_uskayaw
D:14:     cheibrodos_body_horror, layout_loops_ring, minmay_crystal_room
D:15:     grunt_enter_depths_magical_seal, layout_loops_cross,
          minmay_misc_feat_chi, minmay_gold_behind_fungi
Temple:   mainiacjoe_temple_archimedes_tessellation
Lair:1:   layout_chaotic_city, chequers_serial_rivers_room_a,
          grunt_forest_large_clearings
Lair:2:   layout_misc_corridors, minmay_shoals_entry_centaurs, dummy_snake_entry
Lair:3:   layout_cave_pods, ebering_ghost_funeral_grove, lemuel_fruit_fields
Lair:4:   layout_regular_city, grunt_forest_stairs_clearing, grunt_megastairs_5,
          infiniplex_staircase_pool
Lair:5:   layout_regular_city, minmay_slime_entry_oklob_enclosed,
          serial_bayou_pond_d, serial_bayou_shore_b
Lair:6:   grunt_lair_end_beastmaster, layout_cave_pods, lemuel_fruit_tree,
          uniq_sonja
Snake:1:  layout_misc_corridors, uniq_aizul
Orc:1:    layout_diamond_mine, special_room [special_room_orc]
Orc:2:    kennysheep_orc_mage_school, layout_diamond_mine

Skill      XL: |  1  2  3  4  5  6  7  8  9 10 11 12 13 14 15 |
---------------+----------------------------------------------+-----
Stealth        | 3 4 5 7 |  7.0
Fighting       | 1 2 3 4 5 6 7 8 10 11 12 | 12.7
Summonings     | 5 6 7 8 10 11 14 13 15 16 | 16.5
Dodging        | 3 5 6 9 11 13 | 13.8
Invocations    | 2 3 5 8 9 11 | 11.8
Evocations     | 2 4 5 6 |  6.0
Air Magic      | 2 4 7 6 11 12 | 12.5
Translocations | 3 5 |  5.3
Spellcasting   | 3 |  3.1

Action                   |  1- 3 |  4- 6 |  7- 9 | 10-12 | 13-15 || total
-------------------------+-------+-------+-------+-------+-------++-------
Melee: Unarmed           |    73 |    87 |    77 |    94 |   166 ||   497
       Bite              |     8 |     6 |    13 |    10 |    33 ||    70
       Punch             |       |     1 |     3 |       |     3 ||     7
 Cast: Summon Small Mamm |     6 |       |       |       |       ||     6
       Call Imp          |    14 |    19 |    37 |    13 |     2 ||    85
       Call Canine Famil |       |    20 |    59 |   116 |   139 ||   334
       Summon Lightning  |       |       |     1 |   143 |   256 ||   400
       Summon Cactus Gia |       |       |       |       |    67 ||    67
       Summon Forest     |       |       |       |       |    10 ||    10
       Ignition          |       |       |       |       |     1 ||     1
Invok: Divine Exegesis   |       |       |       |       |     1 ||     1
Evoke: Wand              |       |       |     3 |     2 |       ||     5
  Use: Scroll            |       |       |    17 |     9 |     8 ||    34
       Potion            |       |       |       |     1 |     4 ||     5
 Stab: Sleeping          |     5 |     6 |     3 |     4 |     2 ||    20
       Distracted        |       |       |       |     2 |     3 ||     5
Armor: Skin              |     4 |     4 |     7 |     8 |    13 ||    36
Dodge: Dodged            |    60 |    82 |   102 |   369 |   490 ||  1103
Block: Other             |       |       |       |       |   104 ||   104
       Reflection        |       |       |       |       |    12 ||    12

Table legend: (Time is in decaauts)
 A = Elapsed time spent in this place.
 B = Non-inter-level travel time spent in this place.
 C = Inter-level travel time spent in this place.
 D = Time resting spent in this place.
 E = Time spent auto-exploring this place.
 F = Levels seen in this place.
 G = Mean time per level.
                   A        B        C        D        E       F      G
               +--------+--------+--------+--------+--------+-----+--------+
         Total |  42992 |  41167 |   1825 |  10991 |  18940 |  25 | 1719.7 |
       Dungeon |  23526 |  22309 |   1217 |   5409 |  10988 |  15 | 1568.4 |
        Temple |    205 |    167 |     38 |      0 |    151 |   1 |  205.0 |
          Lair |  13995 |  13541 |    454 |   3608 |   6087 |   6 | 2332.5 |
     Snake Pit |    649 |    649 |      0 |     58 |    424 |   1 |  649.0 |
  Orcish Mines |   4614 |   4500 |    114 |   1915 |   1289 |   2 | 2307.0 |
               +--------+--------+--------+--------+--------+-----+--------+

Top non-repeatable levels by time:
  Lair:6: 4112 daAuts
  Lair:5: 3500 daAuts
   Orc:2: 2991 daAuts
    D:12: 2526 daAuts
     D:3: 2458 daAuts
  Lair:3: 2396 daAuts
    D:14: 2062 daAuts
     D:1: 1800 daAuts
    D:13: 1739 daAuts
     D:9: 1711 daAuts
   Orc:1: 1623 daAuts
    D:15: 1604 daAuts
  Lair:1: 1503 daAuts
    D:10: 1367 daAuts
     D:2: 1348 daAuts
